 Dungeon Crawl Stone Soup version 0.31-a0-105-gc0b45f0da6 (webtiles) character file.

Game seed: 13813753617330001301

4 Nedwor the Shield-Bearer (level 1, 20/20 HPs)
             Began as a Minotaur Fighter on May 17, 2023.
             Quit the game on level 1 of the Dungeon on May 27, 2023.
             The game lasted 00:00:13 (112 turns).

Nedwor the Shield-Bearer (Minotaur Fighter)          Turns: 112, Time: 00:00:14

Health: 20/20      AC:  7    Str: 20    XL:     1   Next: 50%
Magic:  0/0        EV:  9    Int:  5    God:
Gold:   9          SH:  4    Dex:  9    Spells: 0/0 levels left

rFire   . . .        a - +0 war axe
rCold   . . .        c - +0 buckler
rNeg    . . .        b - +0 scale mail
rPois   .            (helmet restricted)
rElec   .            (no cloak)
rCorr   .            (no gloves)
SInv    .            (no boots)
Will    .....        (no amulet) Stlth
                     (no ring)
HPRegen 0.23/turn    (no ring)
MPRegen 0.07/turn

%: no passive effects
@: no status effects
A: horns 2, retaliatory headbutt
a: no special abilities


You were on level 1 of the Dungeon.
You visited 1 branch of the dungeon, and saw 1 of its levels.

You collected 9 gold pieces.

Inventory:

Hand Weapons
 a - a +0 war axe (weapon)
Armour
 b - a +0 scale mail (worn)
 c - a +0 buckler (worn)
Scrolls
 e - a scroll of fear {unknown}
 f - a scroll of summoning {unknown}
Potions
 d - a potion of might


   Skills:
 + Level 3.7 Fighting
 + Level 2.5 Axes
 + Level 3.7 Armour
 + Level 3.7 Shields


You couldn't memorise any spells.
You didn't know any spells.
Your spell library was empty.

Dungeon Overview and Level Annotations

Branches:
Dungeon (1/15)

Altars:


Innate Abilities, Weirdness & Mutations

You have a pair of horns on your head.
You reflexively headbutt those who attack you in melee.


Message History

Found a sling.
You see here a +0 sling.
A kobold comes into view. It is wielding a +0 dagger.
The kobold shouts!
A kobold is nearby!
A kobold is nearby!
The kobold closely misses you.
You completely miss the kobold. The kobold barely misses you.
The kobold hits you with a +0 dagger.
You closely miss the kobold. The kobold completely misses you.
You furiously retaliate!
You headbutt the kobold!
You kill the kobold!
No target in view!
No target in view!
No target in view!
No target in view!
No target in view!
You see here a +0 dagger.
Found a stone staircase leading down.
A bat comes into view.
The bat closely misses you.
A bat is nearby!
A bat is nearby!
You hit the bat but do no damage. Your headbutt misses the bat.
You block the bat's attack. The bat hits you but does no damage. x2
You closely miss the bat. You headbutt the bat.
The bat is severely wounded.
You block the bat's attack. The bat barely misses you.
You closely miss the bat. Your headbutt misses the bat.
The bat is severely wounded.
The bat barely misses you. The bat closely misses you.
You block the bat's attack. The bat closely misses you.
You slash the bat!
You kill the bat!
No target in view!
No target in view!
No target in view!
No target in view!
No target in view!
Are you sure you want to abandon this character and quit the game? (Confirm with "yes".)

#..####.#####.#
#.# #..####.#
.# #.#
#.......# .#
#.#
#.#####.#####.#
#.# #.....#.#
#.# #####.#.#
#.# #.#.# #.#
#######.#.# #.#
...>....@†# #.#
#######.### #.#
#.# #.# #.#
######.# #.#
#......# #.#
#.###### #.#
#.# #.######.##
..........#


There were no monsters in sight!

Vanquished Creatures
  An endoplasm (D:1)
  A kobold (D:1)
  A ball python (D:1)
  A bat (D:1)
4 creatures vanquished.

Notes
Turn   | Place    | Note
-------+----------+-------------------------------------------
     0 | D:1      | Nedwor the Minotaur Fighter began the quest for the Orb.
     0 | D:1      | Reached XP level 1. HP: 19/19 MP: 0/0
     0 | D:1      | Upgraded the game from 0.31-a0-39-g17ee01c9f4 to
                  | 0.31-a0-105-gc0b45f0da6
   112 | D:1      | Quit the game

Illustrated notes

Levels and vault maps discovered:
D:1:      dpeg_arrival_tiny_a, layout_loops_ring, serial_shops, shop,
          dreamdust_ecumenical_altar_drowned_temple

Action                     || total
---------------------------++-------
  Melee: War axe           ||    10
         Headbutt          ||     2
 Armour: Scale mail        ||     4
  Dodge: Dodged            ||    12
  Block: Buckler           ||     3

Table legend: (Time is in decaauts)
 A = Elapsed time spent in this place.
 B = Non-inter-level travel time spent in this place.
 C = Inter-level travel time spent in this place.
 D = Time resting spent in this place.
 E = Time spent auto-exploring this place.
 F = Levels seen in this place.
 G = Mean time per level.
                   A        B        C        D        E       F      G
               +--------+--------+--------+--------+--------+-----+--------+
         Total |    116 |    116 |      0 |      0 |     88 |   1 |  116.0 |
       Dungeon |    116 |    116 |      0 |      0 |     88 |   1 |  116.0 |
               +--------+--------+--------+--------+--------+-----+--------+

Top non-repeatable levels by time:
     D:1: 116 daAuts
